 Dungeon Crawl Stone Soup version 0.28-a0-1447-ga5a8893891 (webtiles) character file.

Game seed: 5326836078069216977

196 sanka the Digger (level 5, 0/55 HPs)
             Began as a Gnoll Earth Elementalist on Jan 10, 2022.
             Succumbed to a kobold brigand's curare-tipped dart
             ... in a sewer.
             The game lasted 00:04:30 (3867 turns).

sanka the Digger (Gnoll Earth Elementalist)         Turns: 3867, Time: 00:04:31

Health: 0/55       AC: 22    Str:  7    XL:     5   Next: 74%
Magic:  10/12      EV:  2    Int: 16    God:
Gold:   63         SH:  0    Dex: 13    Spells: 8/14 levels left

rFire   . . .      SeeInvis .   l - +0 rapier
rCold   . . .      Faith    .   (no shield)
rNeg    . . .      Spirit   .   (armour currently unavailable)
rPois   +          Reflect  .   (helmet currently unavailable)
rElec   .          Harm     .   (cloak currently unavailable)
rCorr   .          Rampage  .   (gloves currently unavailable)
Will    .....      NoTele   +   (boots currently unavailable)
Stlth   +++.......              (no amulet)
HPRegen 0.18/turn               (no ring)
MPRegen 0.13/turn               (no ring)

@: lethally poisoned (0 -> -13), tree-form, slowed, very slow
A: stationary, stasis, torment immunity, boosted hp, (fangs 1), strong nose,
distributed training
a: no special abilities


You were in a sewer.
You were a tree.
You visited 1 branch of the dungeon, and saw 3 of its levels.
You also visited: Sewer.

You collected 63 gold pieces.


Innate Abilities, Weirdness & Mutations

You are a tree.
Your roots penetrate the ground, keeping you stationary.
You cannot be teleported.
You are immune to unholy pain and torment.
Your maximum health is greatly increased.
Your equipment is partially melded.
((You have very sharp teeth.))
Your uncanny sense of smell can sniff out nearby items.
Your experience applies equally to all skills.


   Skills:
 + Level 1.6 Fighting
 + Level 1.6 Short Blades
 + Level 1.6 Long Blades
 + Level 1.6 Axes
 + Level 1.6 Maces & Flails
 + Level 1.6 Polearms
 + Level 1.6 Staves
 + Level 1.6 Slings
 + Level 1.6 Bows
 + Level 1.6 Crossbows
 + Level 1.6 Throwing
 + Level 1.6 Armour
 + Level 4.8 Dodging
 + Level 4.4 Stealth
 + Level 1.6 Shields
 + Level 1.6 Unarmed Combat
 + Level 5.2 Spellcasting
 + Level 1.3 Conjurations
 + Level 1.3 Hexes
 + Level 1.3 Summonings
 + Level 1.3 Necromancy
 + Level 1.3 Translocations
 + Level 2.4 Transmutations
 + Level 1.3 Fire Magic
 + Level 1.3 Ice Magic
 + Level 1.3 Air Magic
 + Level 5.6 Earth Magic
 + Level 1.3 Poison Magic
 + Level 1.8 Invocations
 + Level 1.6 Evocations


You had 8 spell levels left.
You knew the following spells:

 Your Spells              Type           Power      Damage    Failure   Level
x - Stone Arrow           Conj/Erth      30%        3d8       11%         3
z - Sandblast             Erth           44%        2d11      1%          1
N - Passwall              Tmut/Erth      14%        N/A       4%          2

Your spell library contained the following spells:

 Spells                   Type           Power      Damage    Failure   Level
 Petrify                  Tmut/Erth      17%        N/A       28%         4

Inventory:

Hand Weapons
 l - a +0 rapier (weapon)
Missiles
 c - 63 stones
 n - a curare-tipped dart {=f}
Armour
 b - a +0 robe (melded)
Scrolls
 a - a scroll of silence {unknown}
 e - 2 scrolls of brand weapon {unknown}
 h - a scroll of identify {unknown}
 k - a scroll of summoning {unknown}
 o - a scroll of magic mapping {unknown}
Potions
 d - 2 potions of cancellation
 g - a potion of haste {unknown}
 j - a potion of magic {unknown}
 m - a potion of invisibility {unknown}

Dungeon Overview and Level Annotations

Branches:
Dungeon (3/15)              Sewer (1/1)

Altars:

Shops:
D:1

( ....≈≈.≈≈≈▒ ......≈≈≈≈▒
∩.∩.≈≈...≈▒ ....≈≈≈≈≈.▒
....≈..≈≈.▒▒ ▒▒▒▒▒▒▒
.≈≈...≈≈≈..▒▒ ▒▒▒▒▒.)≈≈.▒
≈....≈▒▒.≈..▒▒▒▒≈≈.≈≈▒▒▒▒▒
.≈..≈▒▒▒▒≈≈.≈≈≈≈≈▒▒▒.≈≈≈.▒
.≈.≈.▒▒ ▒.≈≈≈≈≈.♣▒ ▒▒▒▒▒▒▒
≈≈≈≈≈.▒▒▒▒.....≈†▒▒▒≈≈≈K.
≈.≈..≈.≈▒▒▒▒▒▒▒▒≈K≈≈≈▒
▒▒▒▒≈≈≈≈.▒ ▒▒▒▒▒≈≈≈≈.
▒▒≈.≈.▒ ▒▒▒ ▒▒≈≈.▒ ▒≈≈.▒
▒≈≈.▒ ▒▒.≈.▒▒


You could see a kobold brigand.


Message History

You feel sick. The adder bites you but does no damage. The adder bites you.
* * * LOW HITPOINT WARNING * * *
The blast of sand hits the adder!
You kill the adder!
* * * LOW HITPOINT WARNING * * *
You feel sick.
Unknown command.
It was a potion of cancellation.
Your magical effects are unravelling.
You feel magically purged.
You feel yourself speed up.
You feel sick.
Unknown command.
Unknown command.
It was a potion of curing.
The blast of sand hits the kobold brigand.
The kobold brigand is lightly wounded.
The kobold brigand throws a curare-tipped dart.
The curare-tipped dart hits you.
You are lethally poisoned!
You have difficulty breathing.
* * * LOW HITPOINT WARNING * * *
You feel yourself slow down.
Unknown command.
It was a potion of lignification.
You turn into a tree.
Your roots penetrate the ground.
You die...

Action                   |  1- 3 |  4- 6 || total
-------------------------+-------+-------++-------
Melee: Unarmed           |   145 |     3 ||   148
       Bite              |    17 |     5 ||    22
       Punch             |     4 |     1 ||     5
       Rapier            |       |    83 ||    83
 Cast: Sandblast         |     8 |     9 ||    17
  Use: Potion            |       |     3 ||     3
 Stab: Sleeping          |     4 |     2 ||     6
Armor: Robe              |    20 |    10 ||    30
Dodge: Dodged            |    82 |    46 ||   128

Levels and vault maps discovered:
D:1:      lightli_arrival_maybe_door_vault, layout_rooms,
          dreamdust_ecumenical_altar_drowned_temple, serial_shops,
          nicolae_shop_bloodbath_and_beyond, kennysheep_doodads
D:2:      layout_loops_ring, kennysheep_jessica_study
D:3:      layout_rooms, gup_sewer_entry_pipe
Sewer:    sewer_co_tree

Notes
Turn   | Place    | Note
-------+----------+-------------------------------------------
     0 | D:1      | sanka the Gnoll Earth Elementalist began the quest for the
                  | Orb.
     0 | D:1      | Reached XP level 1. HP: 13/13 MP: 6/6
    50 | D:1      | Reached skill level 2 in Transmutations
    50 | D:1      | Reached XP level 2. HP: 20/20 MP: 4/7
   110 | D:1      | Learned a level 2 spell: Passwall
   372 | D:1      | Found a faded altar of an unknown god.
  1218 | D:1      | Found Kerch's Weapon Shop.
  1284 | D:2      | Reached XP level 3. HP: 25/25 MP: 9/9
  1288 | D:2      | Learned a level 3 spell: Stone Arrow
  1614 | D:2      | Reached skill level 5 in Spellcasting
  2015 | D:2      | Reached skill level 1 in Invocations
  2272 | D:2      | Noticed Jessica
  2280 | D:2      | Killed Jessica
  2281 | D:2      | Reached skill level 1 in Fighting
  2281 | D:2      | Reached skill level 1 in Short Blades
  2281 | D:2      | Reached skill level 1 in Long Blades
  2281 | D:2      | Reached skill level 1 in Axes
  2281 | D:2      | Reached skill level 1 in Maces & Flails
  2281 | D:2      | Reached skill level 1 in Polearms
  2281 | D:2      | Reached skill level 1 in Staves
  2281 | D:2      | Reached skill level 1 in Slings
  2281 | D:2      | Reached skill level 1 in Bows
  2281 | D:2      | Reached skill level 1 in Crossbows
  2281 | D:2      | Reached skill level 1 in Throwing
  2281 | D:2      | Reached skill level 1 in Armour
  2281 | D:2      | Reached skill level 1 in Shields
  2281 | D:2      | Reached skill level 1 in Unarmed Combat
  2281 | D:2      | Reached skill level 1 in Evocations
  2281 | D:2      | Reached XP level 4. HP: 32/32 MP: 9/11
  2584 | D:3      | Found a glowing drain.
  2708 | Sewer    | Entered a sewer
  3069 | Sewer    | Reached skill level 1 in Conjurations
  3069 | Sewer    | Reached skill level 1 in Hexes
  3069 | Sewer    | Reached skill level 1 in Summonings
  3069 | Sewer    | Reached skill level 1 in Necromancy
  3069 | Sewer    | Reached skill level 1 in Translocations
  3069 | Sewer    | Reached skill level 1 in Fire Magic
  3069 | Sewer    | Reached skill level 1 in Ice Magic
  3069 | Sewer    | Reached skill level 1 in Air Magic
  3069 | Sewer    | Reached skill level 1 in Poison Magic
  3504 | Sewer    | Reached XP level 5. HP: 27/37 MP: 9/12
  3641 | Sewer    | Noticed a kobold brigand
  3649 | Sewer    | Killed a kobold brigand
  3859 | Sewer    | Noticed a kobold brigand
  3864 | Sewer    | HP: 3/37 [poisoned by a kobold brigand (curare-tipped
                  | dart)]
  3867 | Sewer    | Succumbed to a kobold brigand's curare-tipped dart

Vanquished Creatures
  A kobold brigand (Sewer)
  Jessica (D:2)
  A gnoll (D:1)
  5 adders
  A worm (Sewer)
  A dart slug (D:2)
  7 ball pythons
  7 endoplasms
  5 giant cockroaches
  A goblin (D:2)
  2 hobgoblins (D:1)
  5 kobolds
  5 quokkas
  6 rats
  A spectral goblin (D:1)
49 creatures vanquished.
